 Dungeon Crawl Stone Soup version 0.29.0-4-gdea44cf6ec (webtiles) character file.

Game seed: 10364308431849042003

272 diana the Insei (level 6, 0/57 HPs)
             Began as an Octopode Transmuter on Aug 27, 2022.
             Slain by a rat (2 damage)
             ... in a sewer.
             The game lasted 00:04:27 (2785 turns).

diana the Insei (Octopode Transmuter)               Turns: 2785, Time: 00:04:27

Health: 0/57       AC: 23    Str:  9    XL:     6   Next: 23%
Magic:  10/11      EV: -1    Int: 18    God:
Gold:   83         SH:  0    Dex: 12    Spells: 5/11 levels left

rFire   . . .      SeeInvis .     - Unarmed
rCold   . . .      Faith    .   (no shield)
rNeg    . . .      Spirit   .   (helmet currently unavailable)
rPois   +          Reflect  .   (no amulet)
rElec   .          Harm     .   (no ring)
rCorr   .          Rampage  .   (no ring)
Will    .....      NoTele   +   (no ring)
Stlth   ++........              (no ring)
HPRegen 0.19/turn               (no ring)
MPRegen 0.12/turn               (no ring)
                                (no ring)
                                (no ring)

@: tree-form, wereblooded, constricted
A: stationary, stasis, torment immunity, boosted hp, almost no armour,
(amphibious), 8 rings, (camouflage 1), (gelatinous body 1), (nimble swimmer 1),
(tentacles)
a: no special abilities


You were in a sewer.
You were a tree.
You visited 1 branch of the dungeon, and saw 3 of its levels.
You also visited: Sewer.

You collected 83 gold pieces.

Inventory:

Scrolls
 b - a scroll of fear {unknown}
 c - 2 scrolls of blinking {unknown}
 d - a scroll of summoning {unknown}
 e - 4 scrolls of identify {unknown}
Potions
 f - a potion of curing {unknown}
 g - 2 potions of magic {unknown}
 h - a potion of heal wounds {unknown}
 i - a potion of might {unknown}


   Skills:
 + Level 1.5 Fighting
 + Level 2.7 Dodging
 + Level 3.0 Stealth
 + Level 4.1 Unarmed Combat
 + Level 3.3 Spellcasting
 + Level 3.2 Transmutations
 + Level 0.2 Poison Magic


You had 5 spell levels left.
You knew the following spells:

 Your Spells              Type           Power      Damage    Failure   Level
a - Beastly Appendage     Tmut           28%        N/A       4%          1
b - Wereblood             Tmut           14%        N/A       6%          2
c - Spider Form           Tmut/Pois      9%         N/A       22%         3

Your spell library contained the following spells:

 Spells                   Type           Power      Damage    Failure   Level
 Freeze                   Ice            12%        1d4       16%         1
 Frozen Ramparts          Ice            6%         1d1       43%         3
 Gell's Gravitas          Tloc           3%         N/A       43%         3
 Lesser Beckoning         Tloc           3%         N/A       43%         3
 Teleport Other           Tloc           3%         N/A       43%         3
 Ice Form                 Ice/Tmut       8%         N/A       63%         4
 Hailstorm                Conj/Ice       3%         3d3       83%         4


Dungeon Overview and Level Annotations

Branches:
Dungeon (3/15)              Sewer (1/1)

Altars:
Xom

Shops:
D:2 (


Innate Abilities, Weirdness & Mutations

You are a tree.
Your roots penetrate the ground, keeping you stationary.
You cannot be teleported.
You are immune to unholy pain and torment.
Your maximum health is greatly increased.
You cannot wear most types of armour.
((You are amphibious.))
You can wear up to eight rings at the same time.
((Your skin changes colour to match your surroundings (Stealth+).))
((Your rubbery body absorbs attacks. (AC +1, EV +1)))
((You are camouflaged when in or above water. (Stealth+)))
((You have tentacles for arms and can constrict up to eight enemies at once.))


Message History

You kill the river rat!
You howl as the wereblood boils in your veins!
The river rat closely misses you. The rat bites you. The rat barely misses you.
The rat misses you.
You tentacle-slap the river rat but do no damage.
You grab the river rat.
You pierce the river rat.
The river rat is heavily wounded.
You howl as the wereblood boils in your veins!
Your transformation is almost over.
You constrict the river rat. The ball python misses you.
The ball python grabs you. The ball python constricts you.
The river rat barely misses you.
The rat misses you. x2; The rat bites you. x2
The ball python bites you. The ball python constricts you.
You tentacle-slap the river rat but do no damage.
You pierce the river rat, but do no damage.
You squeeze the river rat, but do no damage.
The river rat is severely wounded.
You howl as the wereblood boils in your veins!
You constrict the river rat, but do no damage.
The river rat closely misses you. The rat bites you.
The rat barely misses you. x2
The ball python barely misses you. The ball python constricts you.
Unknown command.
Unknown command.
You barely miss the river rat.
The river rat is severely wounded.
You constrict the river rat.
The rat splashes around in the water.
The river rat bites you!
* * * LOW HITPOINT WARNING * * *
The rat bites you.
* * * LOW HITPOINT WARNING * * *
The rat closely misses you. The rat bites you.
* * * LOW HITPOINT WARNING * * *
The ball python completely misses you. The ball python constricts you.
* * * LOW HITPOINT WARNING * * *
Unknown command.
Really quaff the potion of lignification?
Your tentacle spike disappears.
You turn into a tree.
Your roots penetrate the ground.
You lose your grip on the river rat.
The rat bites you.
You die...

#≈≈≈~.≈#
#≈≈≈~≈≈#
#≈.~#~≈#
#≈≈~≈≈≈#
#≈~~≈≈≈#
#≈~~~≈≈#
#≈~~≈≈≈#
#~≈r~~≈#
#r♣r..##
#Srr...#
#rrr...##
#.......#
........##
......####
#...###
####


You could see 2 river rats, a ball python and 6 rats.

Vanquished Creatures
  Sigmund (D:2)
  Crazy Yiuf (D:2)
  An adder (D:2)
  A river rat (Sewer)
  A worm (D:2)
  3 dart slugs
  5 bats
  5 endoplasms
  6 giant cockroaches
  4 goblins
  2 hobgoblins (D:1)
  6 quokkas
  6 ball pythons
  4 frilled lizards (D:1)
  3 kobolds
  9 rats
58 creatures vanquished.

Notes
Turn   | Place    | Note
-------+----------+-------------------------------------------
     0 | D:1      | diana the Octopode Transmuter began the quest for the Orb.
     0 | D:1      | Reached XP level 1. HP: 13/13 MP: 3/3
    74 | D:1      | Reached XP level 2. HP: 4/18 MP: 1/5
   359 | D:1      | Found a faded altar of an unknown god.
   761 | D:1      | Learned a level 2 spell: Wereblood
   811 | D:1      | Reached XP level 3. HP: 23/23 MP: 4/6
  1049 | D:1      | Learned a level 3 spell: Spider Form
  1316 | D:1      | Reached skill level 1 in Stealth
  1540 | D:2      | Found a shimmering altar of Xom.
  1567 | D:2      | Noticed Sigmund
  1579 | D:2      | Killed Sigmund
  1580 | D:2      | Reached skill level 4 in Unarmed Combat
  1580 | D:2      | Reached XP level 4. HP: 28/28 MP: 3/8
  1580 | D:2      | Reached XP level 5. HP: 33/33 MP: 3/9
  2061 | D:2      | Found a runed translucent door.
  2062 | D:2      | Noticed Crazy Yiuf
  2108 | D:2      | Found Esenaix's Antique Weapon Shoppe.
  2129 | D:2      | Reached XP level 6. HP: 27/38 MP: 10/10
  2442 | D:2      | Killed Crazy Yiuf
  2722 | D:3      | Found a glowing drain.
  2755 | Sewer    | Entered a sewer
  2784 | Sewer    | HP: 1/38 [constriction (1)]
  2785 | Sewer    | Slain by a rat

Illustrated notes

Levels and vault maps discovered:
D:1:      nagdon_arrival_zigzag_paths, layout_basic,
          dreamdust_ecumenical_altar_statues, minmay_cut_off
D:2:      layout_loops_cross, basic_altar, serial_shops, shop, uniq_sigmund,
          uniq_crazy_yiuf_cottage
D:3:      layout_loops_ring, mainiacjoe_overflow_24_doors, portal_sewer_entry_f,
          serial_shops, nicolae_shop_bloodbath_and_beyond, grunt_decor_arrowhead
Sewer:    sewer_minmay_w

Skill      XL: |  1  2  3  4  5  6 |
---------------+-------------------+-----
Stealth        | 2 3 |  3.0
Unarmed Combat | 4 |  4.1
Spellcasting   | 3 |  3.3
Transmutations | 3 |  3.2
Fighting       | |  1.5
Dodging        | |  2.7
Poison Magic   | |  0.2

Action                   |  1- 3 |  4- 6 || total
-------------------------+-------+-------++-------
Melee: Unarmed           |    72 |    45 ||   117
       Constrict         |    18 |    13 ||    31
       Kick              |    19 |    15 ||    34
       Tentacles         |    11 |     9 ||    20
       Punch             |     2 |     1 ||     3
 Cast: Beastly Appendage |    21 |    12 ||    33
       Wereblood         |     1 |     3 ||     4
       Spider Form       |     1 |     1 ||     2
  Use: Potion            |       |     1 ||     1
 Stab: Sleeping          |     4 |     6 ||    10
Armor: Skin              |     8 |       ||     8
Dodge: Dodged            |    48 |    38 ||    86
